 Dungeon Crawl Stone Soup version 0.23.2-1-ga50397a (webtiles) character file.

Game seed: 13532240332662861865

86 Kairos the Skirmisher (level 4, 0/42 HPs)
             Began as a Naga Fighter on Apr 25, 2019.
             Slain by Natasha (8 damage)
             ... on level 2 of the Dungeon.
             The game lasted 00:03:53 (1095 turns).

Kairos the Skirmisher (Naga Fighter)                Turns: 1095, Time: 00:03:53

Health: 0/42       AC:  5    Str: 20    XL:     4   Next: 50%
Magic:  4/4        EV:  5    Int:  8    God:
Gold:   66         SH:  9    Dex: 10    Spells: 3/3 levels left

rFire    . . .     SeeInvis +   a - +0 war axe
rCold    . . .     Gourm    .   c - +0 shield
rNeg     . . .     Faith    .   b - +0 scale mail
rPois    +         Spirit   .   (no helmet)
rElec    .         Reflect  .   n - scarf {cloud immunity}
rCorr    .         Harm     .   (no gloves)
MR       .....                  (no barding)
Stlth    +.........             (no amulet)
HPRegen  0.14/turn              k - ring of stealth
MPRegen  0.09/turn              (no ring)

@: hasted, quick
A: large, see invisible, deformed body, poison resistance, slowness 2, slow
metabolism 1, spit poison 1, AC +1
a: Spit Poison


You were on level 2 of the Dungeon.
You were hungry.

You visited 1 branch of the dungeon, and saw 2 of its levels.

You collected 66 gold pieces.

Inventory:

Hand Weapons
 a - a +0 war axe (weapon)
Armour
 b - a +0 scale mail (worn)
 c - a +0 shield (worn)
 n - a scarf of cloud immunity (worn)
Jewellery
 k - a ring of stealth (left hand)
Scrolls
 e - a scroll of blinking {unknown}
 g - 4 scrolls of identify {unknown}
 i - a scroll of fog {unknown}
 j - a scroll of remove curse {unknown}
 o - 4 scrolls of teleportation {unknown}
Potions
 d - a potion of might
 h - a potion of heal wounds {unknown}
 m - a potion of haste
 p - a potion of lignification {unknown}
Comestibles
 f - 4 rations


   Skills:
 + Level 3.3 Fighting
 + Level 2.9 Axes
 + Level 2.7 Armour
 + Level 0.7 Dodging
 + Level 0.1 Stealth
 + Level 3.1 Shields


You had 3 spell levels left.
You didn't know any spells.
Your spell library was empty.

Dungeon Overview and Level Annotations

Branches:
Dungeon (2/15)

Altars:
Gozag

Annotations:
D:2 Natasha


Innate Abilities, Weirdness & Mutations

You cannot wear boots.
Your serpentine skin is tough. (AC +1)
You have supernaturally acute eyesight. (SInv)
Armour fits poorly on your strangely shaped body.
Your system is resistant to poisons. (rPois)
You cover ground very slowly.
You have a slow metabolism.
You can spit poison.


Message History

You block Natasha's attack.
You hit Natasha but do no damage.
Natasha is severely wounded.
You hit the bush but do no damage. Natasha barely misses you.
You closely miss Natasha.
Natasha is severely wounded.
You hit the bush but do no damage. Natasha barely misses you.
Your shield and scale mail prevent you from hitting Natasha.
Natasha is severely wounded.
You hit the bush but do no damage. Natasha claws you.
* * * LOW HITPOINT WARNING * * *
You feel better.
You barely miss Natasha.
Natasha is severely wounded.
You hit the bush but do no damage. Natasha claws you.
* * * LOW HITPOINT WARNING * * *
You closely miss Natasha.
Natasha is severely wounded.
You hit the bush. Natasha claws you!
You die...

..###.####.###... #.##. ### #(#
#.# # ###.##. #.####.# #. #......
#.##...# ...##.#.#.. #.##.### #
♣PP.P...... #.##.# #. ♣..♣..#.#.#
#####.##.#####.#. ♣♣♣♣♣♣♣P....#
...............h♣♣♣♣♣.♣♣P..##.###
##.#.#########.#@PP...PP......#
#.#.# #..$>......####### ##.#.#
######.##### ...#.# <..# ####..
##### ###


You could see Natasha.

Vanquished Creatures
  A worker ant (D:2)
  An adder (D:2)
  An ooze (D:1)
  2 dart slugs (D:2)
  3 giant cockroaches
  4 goblins
  5 hobgoblins
  7 jackals
  A quokka (D:2)
  2 ball pythons
  3 bats
  A frilled lizard (D:1)
  6 kobolds
  12 rats
49 creatures vanquished.

Notes
Turn   | Place    | Note
-------+----------+-------------------------------------------
     0 | D:1      | Kairos the Naga Fighter began the quest for the Orb.
     0 | D:1      | Reached XP level 1. HP: 21/21 MP: 1/1
    58 | D:1      | Reached XP level 2. HP: 28/28 MP: 2/2
   335 | D:1      | Reached XP level 3. HP: 22/34 MP: 3/3
   670 | D:2      | Reached XP level 4. HP: 35/42 MP: 4/4
   901 | D:2      | Found an opulent altar of Gozag.
  1073 | D:2      | Noticed Natasha
  1095 | D:2      | Slain by Natasha

Skill      XL: |  1  2  3  4 |
---------------+-------------+-----
Shields        | 3 |  3.1
Fighting       | |  3.3
Axes           | |  2.9
Armour         | |  2.7
Dodging        | |  0.7
Stealth        | |  0.1

Action                   |  1- 3 |  4- 6 || total
-------------------------+-------+-------++-------
Melee: War axe           |   107 |    69 ||   176
 Abil: Spit Poison       |     1 |     3 ||     4
  Use: Potion            |       |     4 ||     4
Armor: Scale mail        |    49 |    27 ||    76
Dodge: Dodged            |    32 |    20 ||    52
Block: Shield            |    73 |    33 ||   106
